 Dungeon Crawl Stone Soup version 0.31.0-12-g77e489cdc1 (webtiles) character file.

Game seed: 2638580174218282081

1677 Gadfly the Cudgeller (level 9, 0/54 HPs)
             Began as a Gargoyle Fighter on Mar 8, 2024.
             Was a Priest of Elyvilon.
             Slain by a wight
             ... wielding a +5 great sword
              (3 damage)
             ... on level 6 of the Dungeon.
             The game lasted 00:10:18 (4918 turns).

Gadfly the Cudgeller (Gargoyle Fighter)             Turns: 4918, Time: 00:10:18

Health: 0/54       AC: 19    Str: 21 (22) XL:     9   Next: 1%
Magic:  13/13      EV:  8    Int:  6 (9)  God:    Elyvilon [***...]
Gold:   380        SH:  6    Dex: 21 (23) Spells: 8/8 levels left

rFire   . . .        a - +1 flail
rCold   . . .        c - +0 buckler
rNeg    + . .        e - +0 chain mail
rPois   ∞            l - +1 helmet
rElec   +            d - +0 cloak
rCorr   .            (no gloves)
SInv    .            (no boots)
Will    .....        (no amulet) Stlth
                     m - +6 ring of dexterity
HPRegen 0.29/turn    p - +6 ring of dexterity
MPRegen 0.13/turn

%: no passive effects
@: no status effects
A: sickness immunity, AC +6, negative energy resistance 1, electricity
resistance, torment resistance 1, petrification resistance
a: Renounce Religion, Purification, Heal Other, Heal Self


You were on level 6 of the Dungeon.
You worshipped Elyvilon.
Elyvilon was most pleased with you.
You visited 1 branch of the dungeon, and saw 8 of its levels.

You collected 380 gold pieces.

Inventory:

Hand Weapons
 a - a +1 flail (weapon)
Armour
 c - a +0 buckler (worn)
 d - a +0 cloak (worn)
 e - a +0 chain mail (worn)
 l - a +1 helmet (worn)
Jewellery
 m - a +6 ring of dexterity (left hand)
 p - a +6 ring of dexterity (right hand)
Scrolls
 b - a scroll of vulnerability
 f - a scroll of enchant weapon
 g - a scroll of poison
Potions
 i - 2 potions of heal wounds
 k - a potion of curing
 n - a potion of haste {unknown}
 o - a potion of resistance {unknown}


   Skills:
 + Level 5.4 Fighting
 * Level 5.4 Maces & Flails
 + Level 5.2 Armour
 + Level 5.1 Shields
 * Level 5.4 Invocations
 * Level 4.5 Evocations


You had 8 spell levels left.
You didn't know any spells.
Your spell library contained the following spells:

 Spells                   Type           Power      Damage    Failure   Level
 Call Imp                 Summ           0%         N/A       99%         2
 Summon Blazeheart Golem  Fire/Summ      0%         N/A       100%        4
 Orb of Destruction       Conj           0%         9d5       100%        7
 Spellforged Servitor     Conj/Summ      0%         N/A       100%        7
 Summon Hydra             Summ           0%         N/A       100%        7
 Sublimation of Blood     Necr           Unusable   N/A       N/A         2

Dungeon Overview and Level Annotations

Branches:
Dungeon (8/15)               Lair (0/5) D:8
 Temple: D:4-7

Altars:
Dithmenos
Elyvilon
Fedhas
Gozag
Makhleb
Sif Muna

Annotations:
D:7 Maurice


Innate Abilities, Weirdness & Mutations

You are immune to sickness and miasma.
Your stone body is resilient. (AC +6)
You are immune to poison.
You resist negative energy. (rN+)
You are resistant to electric shocks. (rElec)
You are resistant to unholy torment.
You are immune to petrification.


Message History

There is a stone staircase leading down here.
The bullfrog attacks as it pursues you! The bullfrog hits you.
You hit the bullfrog.
The bullfrog is lightly wounded.
The bullfrog barely misses you.
You bite the bullfrog!
The bullfrog is heavily wounded.
The bullfrog misses you.
You hit the bullfrog.
The bullfrog is heavily wounded.
Your transformation is almost over.
The bullfrog hits you!
* * * LOW HITPOINT WARNING * * *
The bullfrog misses you.
Your magical effects are unravelling.
You feel magically purged.
You feel less porcine.
Your +1 flail unmelds from your body.
Your +0 cloak unmelds from your body.
Your +1 helmet unmelds from your body.
Your +0 buckler unmelds from your body.
Your +0 chain mail unmelds from your body.
Your +6 ring of dexterity unmelds from your body. x2
You feel agile. x2
The bullfrog hits you but does no damage.
You hit the bullfrog.
The bullfrog is severely wounded.
You block the bullfrog's attack. x2
You sock the bullfrog!
You kill the bullfrog!
You have reached level 9!
Your experience leads to an increase in your attributes!
Your base attributes are Str 20, Int 9, Dex 11.
Increase (S)trength, (I)ntelligence, or (D)exterity?
You feel stronger. x2
You hit the wight but do no damage.
The wight hits you with a +5 great sword!
* * * LOW HITPOINT WARNING * * *
You hit the wight.
The wight is moderately damaged.
The wight hits you with a +5 great sword.
You die...

#. .# #.
##. ##. ...
#.. ..# ..
..##$.#.#
.......#
#....# #@#
#z#
#......#
#..........
##.#.#.#.#.
#.........
#.#.#.#.#.
#.........
#?#.#.#.#.


You could see a wight.

Vanquished Creatures
  Grinder (D:3)
  Menkaure (D:4)
  A water moccasin (D:3)
  2 ogres
  A centaur (D:5)
  A phantom (D:4)
  A bullfrog (D:6)
  A scorpion (D:5)
  3 bombardier beetles
  4 hounds
  2 jellies
  Crazy Yiuf (D:2)
  2 orc priests
  A sleepcap (D:4)
  Jessica (D:3)
  2 iguanas (D:4)
  Natasha (thrice) (D:2)
  Terence (D:3)
  A gnoll (D:1)
  10 adders
  3 ribbon worms
  2 dart slugs
  12 orcs
  8 ball pythons
  8 endoplasms
  5 giant cockroaches
  2 goblins (D:3)
  6 hobgoblins
  5 jackals
  10 kobolds
  6 quokkas
  3 bats
  4 frilled lizards (D:1)
  7 rats
121 creatures vanquished.

Notes
Turn   | Place    | Note
-------+----------+-------------------------------------------
     0 | D:1      | Gadfly the Gargoyle Fighter began the quest for the Orb.
     0 | D:1      | Reached XP level 1. HP: 14/14 MP: 1/1
   158 | D:1      | Reached XP level 2. HP: 14/19 MP: 2/2
   269 | D:1      | Reached skill level 1 in Invocations
   269 | D:1      | Reached XP level 3. HP: 9/23 MP: 3/3
   287 | D:1      | Reached skill level 1 in Evocations
   932 | D:2      | Noticed Natasha
   946 | D:2      | Killed Natasha
   947 | D:2      | Reached XP level 4. HP: 8/29 MP: 3/5
  1104 | D:2      | Noticed Natasha
  1110 | D:2      | Killed Natasha
  1221 | D:2      | Reached XP level 5. HP: 31/33 MP: 6/6
  1223 | D:2      | Found a faded altar of an unknown god.
  1224 | D:2      | Noticed Natasha
  1231 | D:2      | Killed Natasha
  1444 | D:2      | Found a white marble altar of Elyvilon.
  1595 | D:2      | Became a worshipper of Elyvilon the Healer
  1637 | D:2      | Found a runed translucent door.
  1638 | D:2      | Noticed Crazy Yiuf
  1880 | D:2      | Killed Crazy Yiuf
  2092 | D:3      | Noticed a water moccasin
  2115 | D:3      | Killed a water moccasin
  2116 | D:3      | Reached XP level 6. HP: 28/38 MP: 6/8
  2181 | D:3      | Noticed Grinder
  2181 | D:3      | Noticed Jessica
  2186 | D:3      | Killed Jessica
  2221 | D:3      | Killed Grinder
  2222 | D:3      | Reached XP level 7. HP: 19/44 MP: 9/9
  2389 | D:3      | Noticed Terence
  2409 | D:3      | Killed Terence
  2605 | D:3      | Reached * piety under Elyvilon
  2833 | D:4      | HP: 2/44 [burnt (2)]
  3048 | D:4      | Noticed Menkaure
  3058 | D:4      | Killed Menkaure
  3226 | D:4      | Reached XP level 8. HP: 26/48 MP: 11/11
  3423 | D:4      | Found a burning altar of Makhleb.
  3426 | D:4      | Found a blossoming altar of Fedhas.
  3430 | D:4      | Found a shadowy altar of Dithmenos.
  3605 | D:4      | Found an opulent altar of Gozag.
  3879 | D:5      | Entered Level 5 of the Dungeon
  3961 | D:5      | Elyvilon protects you from harm!
  3964 | D:5      | Reached skill level 5 in Fighting
  4123 | D:5      | Reached ** piety under Elyvilon
  4318 | D:5      | Reached skill level 5 in Maces & Flails
  4380 | D:5      | Reached skill level 5 in Armour
  4380 | D:5      | Reached skill level 5 in Invocations
  4454 | D:5      | Reached skill level 5 in Shields
  4612 | D:5      | Found a shimmering blue altar of Sif Muna.
  4760 | D:5      | You fall into a shaft and drop 3 floors!
  4764 | D:8      | Reached *** piety under Elyvilon
  4765 | D:8      | Found a staircase to the Lair.
  4899 | D:7      | Noticed Maurice
  4917 | D:6      | Reached XP level 9. HP: 13/54 MP: 13/13
  4918 | D:6      | Slain by a wight

Illustrated notes

Levels and vault maps discovered:
D:1:      saegor_arrival_fortress, layout_rooms, minmay_pentomino_o2
D:2:      layout_loops_ring, ebering_ecumenical_altar_box, basic_altar,
          minivault_11, uniq_natasha, uniq_crazy_yiuf_cottage
D:3:      layout_loops_ring, uniq_grinder, uniq_jessica, uniq_terence
D:4:      layout_loops_ring, grunt_gozag_statues, grunt_temple_overflow_diamond,
          uniq_menkaure
D:5:      layout_gridville, marbit_many_paths
D:6:      layout_loops_cross, minmay_temple_entry_arrows, serial_glass,
          glass_columns_c, glass_columns_a, uniq_eustachio, uniq_jeremiah,
          uniq_duvessa, uniq_sigmund
D:7:      layout_cave_pools, lemuel_round_altar, st_stairs_4, uniq_maurice
D:8:      layout_loops_corners, lair_entry_dummy,
          amcnicky_mini_corridor_feature, roderic_serpentine_path,
          nicolae_elemental_shop, minmay_fire_ice_demons

Skill      XL: |  1  2  3  4  5  6  7  8 |
---------------+-------------------------+-----
Invocations    | 1 2 3 4 5 |  5.4
Evocations     | 1 2 3 4 |  4.5
Maces & Flails | 3 4 5 |  5.4
Fighting       | 4 5 |  5.4
Armour         | 4 5 |  5.2
Shields        | 4 5 |  5.1

Action                     |  1- 3 |  4- 6 |  7- 9 || total
---------------------------+-------+-------+-------++-------
  Melee: Flail             |   123 |   121 |   238 ||   482
         Unarmed           |       |       |     4 ||     4
    Use: Scroll            |     5 |     2 |     7 ||    14
         Potion            |       |     1 |     4 ||     5
 Armour: Scale mail        |   100 |    76 |    14 ||   190
         Chain mail        |       |       |   163 ||   163
         Skin              |       |       |     5 ||     5
  Dodge: Dodged            |    94 |    46 |    83 ||   223
  Block: Buckler           |    35 |    33 |    61 ||   129
